 Dungeon Crawl Stone Soup version 0.25.0-1-g7eea58d (webtiles) character file.

Game seed: 13439163652234515227

32464 GeorgeSoros the Spry (level 13, -5/65 HPs)
             Began as a Spriggan Enchanter on June 22, 2020.
             Was a Follower of Uskayaw.
             Slain by a death yak (28 damage)
             ... on level 5 of the Lair of Beasts on June 24, 2020.
             The game lasted 01:39:43 (22151 turns).

GeorgeSoros the Spry (Spriggan Enchanter)          Turns: 22151, Time: 01:39:43

Health: -5/65      AC:  6    Str: 12    XL:     13   Next: 31%
Magic:  19/24      EV: 33    Int: 23    God:    Uskayaw [*.....]
Gold:   1116       SH:  0    Dex: 19    Spells: 14/25 levels left

rFire    . . .     SeeInvis +   a - +2 dagger
rCold    . . .     Gourm    .   (shield restricted)
rNeg     . . .     Faith    +   b - +1 robe
rPois    .         Spirit   .   E - +1 hat
rElec    .         Reflect  .   A - +1 cloak
rCorr    .         Harm     .   (gloves unavailable)
MR       ++...                  (boots unavailable)
Stlth    +++++.....             u - amulet of faith
HPRegen  0.20/turn              z - +6 ring of strength
MPRegen  0.19/turn              t - +6 ring of intelligence

@: confusing touch, very quick
A: very small, unfitting armour, see invisible, herbivore, speed 3, slow
metabolism 2
a: Stomp, Renounce Religion


You were on level 5 of the Lair of Beasts.
You worshipped Uskayaw.
Uskayaw was aware of your devotion.
You were not hungry.

You visited 3 branches of the dungeon, and saw 17 of its levels.
You also visited: Sewer.

You collected 1116 gold pieces.

Inventory:

Hand Weapons
 a - a +2 dagger (weapon)
Missiles
 m - 29 poisoned darts (quivered)
Armour
 b - a +1 robe (worn)
 A - a +1 cloak (worn)
 E - a +1 hat (worn)
Jewellery
 k - an uncursed ring of protection from fire
 l - an uncursed ring of protection from cold
 p - an uncursed ring of positive energy
 t - a +6 ring of intelligence (right hand)
 u - an amulet of faith (around neck)
 z - a +6 ring of strength (left hand)
 B - the ring "Ruagh" {*Tele *Drain Dex+8}
   (You found it on level 9 of the Dungeon)

   [ring of teleportation]

   It may teleport you next to monsters.
   It affects your dexterity (+8).
   It causes draining when unequipped.
 H - a +4 ring of evasion
 M - an uncursed ring of wizardry
 O - an uncursed ring of protection from magic
Wands
 f - a wand of enslavement (10)
 n - a wand of flame (47)
 y - a wand of disintegration (11)
 G - a wand of iceblast (12)
 I - a wand of paralysis (13)
 P - a wand of polymorph (8)
Scrolls
 c - 3 scrolls of enchant armour
 h - 10 scrolls of remove curse
 j - 15 scrolls of identify
 o - 6 scrolls of fog
 s - 4 scrolls of teleportation
 x - 3 scrolls of enchant weapon
 C - a scroll of acquirement
 D - 2 scrolls of blinking
 L - 2 scrolls of amnesia
 N - a scroll of magic mapping
Potions
 e - 5 potions of curing
 g - 3 potions of haste
 i - a potion of mutation
 q - 4 potions of heal wounds
 r - 4 potions of flight
 v - 4 potions of lignification
 w - 2 potions of cancellation
 F - 2 potions of stabbing
 J - a potion of ambrosia
 K - a potion of might
Comestibles
 d - 21 rations


   Skills:
 - Level 6.0 Fighting
 - Level 11.7 Short Blades
 + Level 15.7 Dodging
 - Level 10.0 Stealth
 + Level 6.8 Spellcasting
 - Level 7.0 Hexes
 - Level 5.0 Translocations
 - Level 2.0 Ice Magic
 - Level 10.0 Invocations
 - Level 7.0 Evocations


You had 14 spell levels left.
You knew the following spells:

 Your Spells              Type           Power        Failure   Level  Hunger
a - Corona                Hex            #####..      1%          1    None
b - Ensorcelled Hibernat  Hex/Ice        ####..       1%          2    None
c - Confusing Touch       Hex            #####...     1%          3    None
d - Tukima's Dance        Hex            #####...     1%          3    None
e - Blink                 Tloc           N/A          1%          2    None

Your spell library contained the following spells:

 Spells                   Type           Power        Failure   Level  Hunger
 Slow                     Hex            #####...     1%          2    None
 Dazzling Flash           Conj/Hex       ###...       5%          3    None
 Animate Skeleton         Necr           N/A          8%          1    None
 Magic Dart               Conj           #...         8%          1    None
 Pain                     Necr           #...         8%          1    None
 Call Imp                 Summ           #.......     12%         2    None
 Conjure Flame            Conj/Fire      #.......     24%         3    None
 Mephitic Cloud           Conj/Pois/Air  #.......     24%         3    None
 Vampiric Draining        Necr           #.........   24%         3    None
 Animate Dead             Necr           N/A          61%         4    ###....
 Agony                    Necr           #.......     91%         5    #####..


Dungeon Overview and Level Annotations

Branches:
Dungeon (11/15)            Temple (1/1) D:4            Lair (5/6) D:11
  Swamp (0/4) Lair:2        Snake (0/4) Lair:2        Sewer (visited)
  Slime: Lair:5-6       Orc: D:9-12

Altars:
Ashenzari
Cheibriados
Dithmenos
Elyvilon
Fedhas
Gozag
Hepliaklqana
Kikubaaqudgha
Nemelex Xobeh
Qazlal
Trog
Uskayaw
Vehumet
Wu Jian
Xom
Yredelemnul
Zin
The Shining One

Shops:
D:6 (   D:10 (

Annotations:
D:4 1 exclusion, Blork the orc
Lair:1 1 runed translucent door, exclusion: oklob plant, Tenaya's ghost, journeyman HOWr


Innate Abilities, Weirdness & Mutations

You are very small and have problems with some larger weapons.
You are too small for most types of armour.
You have supernaturally acute eyesight. (SInv)
You are a herbivore.
You cover ground extremely quickly.
You need to consume almost no food.


Message History

Confirm with . or Enter, or press ? or * to list all spells.
Your hands begin to glow red.
The death yak completely misses you.
You hit the death yak but do no damage. You hit the death yak but do no damage.
The death yak misses you.
You hit the death yak but do no damage. You barely miss the death yak.
The death yak gores you!
You hit the death yak but do no damage. You hit the death yak but do no damage.
The death yak barely misses you.
You hit the death yak but do no damage. You hit the death yak but do no damage.
The death yak completely misses you.
You can no longer pass through a line of other dancers.
You hit the death yak but do no damage. You hit the death yak but do no damage.
The death yak gores you.
You hit the death yak but do no damage. You hit the death yak but do no damage.
The death yak completely misses you.
You hit the death yak but do no damage. You hit the death yak but do no damage.
The death yak closely misses you.
You hit the death yak but do no damage. You hit the death yak but do no damage.
The death yak gores you!!
You die...

##.......###.P ###..........#P.
##.............#PP
#.............#... . ##.#
##..............### .# #..#
#...............### .P###..
.................# P......
#......>.......... .....P# ###
#@#............... ....P.#
#.###Y#.........≈.≈.≈. .....P#
##Y.PYY###P.....≈≈≈≈≈≈≈
......#####.......###....≈≈≈≈≈≈≈≈
.....PY#P#Y......######..≈≈≈≈≈≈≈≈
...PPP..............#.##.≈≈≈..≈≈≈
....###..........†..#...≈≈≈≈.<.≈≈
.... #.P.............#...≈≈≈≈..≈≈
...# #.................P.≈≈≈≈≈≈≈≈


You could see 3 death yaks.

Vanquished Creatures
  5 hydras
  A catoblepas (Lair:4)
  2 death yaks
  A tengu warrior (D:9)
  3 two-headed ogres
  2 unseen horrors
  A cyclops (D:9)
  A manticore (D:11)
  7 spiny frogs
  5 komodo dragons
  Grinder (D:5)
  4 trolls
  4 blink frogs
  4 hippogriffs
  7 dream sheep (Lair:4)
  A shadow (D:9)
  A wraith (D:11)
  33 yaks
  3 wyverns
  2 basilisks
  A hungry ghost (D:10)
  Menkaure (D:5)
  5 nagas (Lair:2)
  6 water moccasins
  5 orc warriors
  3 porcupines
  An ice beast (D:6)
  3 sky beasts
  2 black bears
  An eye of draining (D:10)
  A necrophage (D:11)
  5 ogres
  2 phantoms
  10 wolves
  9 centaurs
  8 crocodiles
  21 bullfrogs
  2 gnoll sergeants (D:8)
  5 big kobolds
  6 scorpions
  7 killer bees
  An electric eel (Lair:4)
  3 crimson imps
  2 bullfrog zombies (D:9)
  2 centaur zombies
  4 hounds
  2 jellies
  5 orc priests
  2 quasits
  3 bullfrog skeletons
  3 centaur skeletons
  4 iguanas
  17 orc wizards
  8 worker ants
  3 worker ant zombies
  3 howler monkey skeletons
  8 gnolls (D:8)
  11 adders
  2 river rats (Sewer)
  3 shadow imps
  An adder zombie (D:7)
  2 worms
  2 dart slugs
  7 leopard geckos
  44 orcs
  4 bats
  7 giant cockroaches
  6 goblins
  6 hobgoblins
  16 jackals
  31 kobolds
  6 quokkas
  5 frilled lizards
  2 quokka skeletons
  10 rats
427 creatures vanquished.

Vanquished Creatures (others)
  An electric eel (Lair:4)
  13 fungi
  4 plants
  6 toadstools (D:1)
24 creatures vanquished.

Grand Total: 451 creatures vanquished

Notes
Turn   | Place    | Note
-------+----------+-------------------------------------------
     0 | D:1      | GeorgeSoros the Spriggan Enchanter began the quest for the
                  | Orb.
     0 | D:1      | Reached XP level 1. HP: 9/9 MP: 5/5
   318 | D:1      | Reached XP level 2. HP: 13/13 MP: 6/6
   322 | D:1      | Learned a level 2 spell: Ensorcelled Hibernation
  1116 | D:2      | Reached XP level 3. HP: 16/16 MP: 8/8
  1352 | D:2      | Reached skill level 5 in Stealth
  1902 | D:2      | Reached skill level 4 in Dodging
  2068 | D:3      | Reached XP level 4. HP: 21/21 MP: 9/9
  2610 | D:3      | Reached XP level 5. HP: 19/24 MP: 8/10
  2776 | D:4      | Reached skill level 5 in Dodging
  2776 | D:4      | Reached skill level 5 in Hexes
  2858 | D:4      | Learned a level 3 spell: Confusing Touch
  2862 | D:4      | Learned a level 3 spell: Tukima's Dance
  2914 | D:4      | Noticed Blork the orc
  3154 | D:4      | Found a staircase to the Ecumenical Temple.
  3162 | Temple   | Entered the Ecumenical Temple
  3205 | Temple   | Became a worshipper of Uskayaw the Reveler
  3256 | D:4      | Found a glowing drain.
  3268 | Sewer    | Entered a sewer
  3278 | Sewer    | Reached XP level 6. HP: 20/28 MP: 0/11
  3278 | Sewer    | Reached * piety under Uskayaw
  3510 | Sewer    | Reached ** piety under Uskayaw
  3840 | Sewer    | Found a white marble altar of Elyvilon.
  4522 | D:4      | Reached skill level 1 in Invocations
  4566 | D:4      | Found a bloodstained altar of Trog.
  4705 | D:5      | Entered Level 5 of the Dungeon
  4750 | D:5      | Noticed Menkaure
  4755 | D:5      | Killed Menkaure
  4755 | D:5      | Reached skill level 6 in Dodging
  4755 | D:5      | Reached XP level 7. HP: 32/32 MP: 12/12
  4853 | D:5      | Found a shadowy altar of Dithmenos.
  5216 | D:5      | Noticed Grinder
  5229 | D:5      | Killed Grinder
  5229 | D:5      | Reached skill level 5 in Short Blades
  5484 | D:5      | Reached XP level 8. HP: 36/36 MP: 13/13
  5905 | D:6      | Reached skill level 1 in Fighting
  5905 | D:6      | Reached skill level 1 in Ice Magic
  6062 | D:6      | Reached *** piety under Uskayaw
  6299 | D:6      | Reached skill level 7 in Dodging
  6567 | D:6      | Found a stormy altar of Qazlal.
  6793 | D:6      | Found a shattered altar of Ashenzari.
  6874 | D:6      | Found Retov's Weapon Emporium.
  7276 | D:7      | Found an opulent altar of Gozag.
  7276 | D:7      | Found a glowing golden altar of the Shining One.
  7395 | D:7      | Reached XP level 9. HP: 36/41 MP: 11/15
  7701 | D:7      | Reached skill level 8 in Dodging
  7872 | D:7      | Found a shimmering altar of Xom.
  7872 | D:7      | Found a glowing silver altar of Zin.
  7872 | D:7      | Noticed an angel
  9727 | D:9      | Reached skill level 10 in Stealth
 10013 | D:9      | Noticed a troll
 10022 | D:9      | Killed a troll
 10022 | D:9      | Reached skill level 9 in Dodging
 10022 | D:9      | Reached skill level 5 in Spellcasting
 10025 | D:9      | Reached **** piety under Uskayaw
 10239 | D:9      | Noticed an unseen horror
 10241 | D:9      | Killed an unseen horror
 10241 | D:9      | Reached skill level 10 in Dodging
 10241 | D:9      | Reached XP level 10. HP: 40/49 MP: 16/18
 10254 | D:9      | Reached ***** piety under Uskayaw
 10284 | D:9      | Reached ****** piety under Uskayaw
 10553 | D:9      | Noticed a cyclops
 10554 | D:9      | Killed a cyclops
 10556 | D:9      | Got a scorched steel ring
 10560 | D:9      | Identified the ring "Ruagh" {*Tele *Drain Dex+8} (You found
                  | it on level 9 of the Dungeon)
 10715 | D:9      | Reached skill level 11 in Dodging
 11221 | D:9      | Noticed a tengu warrior
 11222 | D:9      | Killed a tengu warrior
 11222 | D:9      | Reached skill level 10 in Short Blades
 11344 | D:10     | Entered Level 10 of the Dungeon
 11392 | D:10     | Noticed a two-headed ogre
 11408 | D:10     | Killed a two-headed ogre
 11448 | D:10     | Noticed a two-headed ogre
 11466 | D:9      | Reached skill level 5 in Fighting
 11565 | D:10     | Killed a two-headed ogre
 11565 | D:10     | Reached skill level 12 in Dodging
 11565 | D:10     | Reached XP level 11. HP: 55/55 MP: 15/19
 12144 | D:10     | Reached skill level 5 in Invocations
 12345 | D:10     | HP: 1/55 [yak (15)]
 13057 | D:10     | Noticed a six-headed hydra
 13077 | D:10     | Killed a seven-headed hydra
 13188 | D:10     | Reached skill level 13 in Dodging
 13199 | D:10     | Noticed an unseen horror
 13216 | D:10     | Killed an unseen horror
 13350 | D:10     | Found Paur's Weapon Shoppe.
 13629 | D:11     | Noticed a two-headed ogre
 13644 | D:11     | Killed a two-headed ogre
 13793 | D:11     | Identified a scroll of acquirement
 13842 | D:11     | Noticed a centaur warrior
 13875 | D:11     | Noticed an ogre mage
 13875 | D:11     | Noticed an unseen horror
 14625 | D:11     | Found a staircase to the Lair.
 14993 | D:11     | Reached skill level 1 in Evocations
 15163 | Lair:1   | Entered Level 1 of the Lair of Beasts
 15176 | Lair:1   | Reached skill level 14 in Dodging
 15240 | Lair:1   | Reached XP level 12. HP: 48/60 MP: 11/20
 15599 | Lair:1   | Found a runed translucent door.
 15600 | Lair:1   | Found a shimmering altar of Xom.
 15600 | Lair:1   | Noticed Tenaya's ghost (journeyman HOWr)
 15945 | Lair:1   | Learned a level 2 spell: Blink
 16270 | Lair:1   | Reached skill level 1 in Translocations
 16632 | Lair:2   | Found a staircase to the Swamp.
 16761 | Lair:2   | Found a staircase to the Snake Pit.
 17199 | Lair:2   | Reached skill level 5 in Evocations
 17201 | Lair:2   | Noticed a seven-headed hydra
 17486 | Lair:2   | Killed a seven-headed hydra
 17498 | Lair:2   | Reached skill level 15 in Dodging
 17824 | Lair:2   | Reached skill level 5 in Translocations
 18231 | Lair:3   | Noticed a four-headed hydra
 18250 | Lair:3   | Killed a four-headed hydra
 18906 | Lair:3   | Noticed a seven-headed hydra
 18911 | Lair:3   | Killed a seven-headed hydra
 19305 | Lair:4   | Noticed a five-headed hydra
 19609 | Lair:4   | Noticed a death yak
 19906 | Lair:4   | Noticed a catoblepas
 19912 | Lair:4   | Killed a catoblepas
 19912 | Lair:4   | Reached XP level 13. HP: 65/65 MP: 21/21
 20421 | Lair:4   | Reached skill level 10 in Invocations
 22151 | Lair:5   | Slain by a death yak

Illustrated notes

Levels and vault maps discovered:
D:1:      lemuel_arrival_funnel, layout_loops_ring, minmay_gold_behind_fungi
D:2:      layout_loops_ring, first_ration
D:3:      layout_rooms, minmay_misc_feat_columns, grunt_decor_resistance
D:4:      layout_loops_ring, tgw_sif, bloody_trog,
          minmay_temple_entry_sparse_star, portal_sewer_entry_b
D:5:      layout_gridville, grunt_dithmenos_smoke_and_mirrors, uniq_grinder,
          uniq_menkaure
D:6:      layout_loops_ring, nicolae_qazlal_general_emergency, kennysheep_mini,
          serial_shops, kennysheep_little_box, kennysheep_generic_room_7
D:7:      kennysheep_kobold_camp, layout_rooms,
          grunt_temple_overflow_order_and_chaos_1,
          gammafunk_temple_overflow_statue
D:8:      layout_basic
D:9:      cheibrodos_ideogram_h, layout_cave_pools
D:10:     cheibrodos_barr_body, layout_cave_pools, serial_shops, shop
D:11:     layout_gridville, grunt_lair_entry_orc_guard_hut, blue_anna_alchemist
          [blue_anna_fruit_fields, blue_anna_fruit_fields],
          grunt_decor_fettered, minivault_12
Temple:   eino_narrow_crystal_temple
Lair:1:   layout_long_grid, ebering_ghost_xom, minmay_lair_oklob_chamber
Lair:2:   layout_roguey, swamp_mist, minmay_snake_entry_guardpost_large
Lair:3:   layout_loops_ring, lemuel_fruit_fields
Lair:4:   layout_gridlike, st_stairs_11, columned_hall_lemuel,
          lemuel_fruit_fields
Lair:5:   layout_cave_pods, grunt_megastairs_4, serial_bayou_shore_a,
          infiniplex_staircase_pool_2

Skill      XL: |  1  2  3  4  5  6  7  8  9 10 11 12 13 |
---------------+----------------------------------------+-----
Spellcasting   | 3 5 6 |  6.8
Hexes          | 4 5 7 |  7.0
Stealth        | 5 6 7 9 10 | 10.0
Short Blades   | 2 3 4 5 7 9 10 11 | 11.7
Dodging        | 4 5 6 7 10 12 14 15 | 15.7
Invocations    | 1 4 7 9 10 | 10.0
Fighting       | 1 3 5 6 |  6.0
Ice Magic      | 2 |  2.0
Evocations     | 2 7 |  7.0
Translocations | 5 |  5.0

Action                   |  1- 3 |  4- 6 |  7- 9 | 10-12 | 13-15 || total
-------------------------+-------+-------+-------+-------+-------++-------
Melee: Dagger            |   167 |   264 |   598 |   932 |   204 ||  2165
Throw: Dart              |     7 |     7 |       |     3 |     1 ||    18
 Cast: Corona            |     6 |     3 |       |       |       ||     9
       Ensorcelled Hiber |     2 |    27 |    50 |    48 |     1 ||   128
       Confusing Touch   |       |       |    19 |    78 |    26 ||   123
       Blink             |       |       |       |     1 |       ||     1
Invok: Line Pass         |       |       |       |    10 |     2 ||    12
       Stomp             |       |       |       |     1 |       ||     1
  Use: Scroll            |     8 |     2 |     6 |    10 |     1 ||    27
       Potion            |       |     3 |     1 |     2 |       ||     6
 Stab: Sleeping          |    10 |    23 |    42 |    55 |     2 ||   132
       Confused          |       |       |    21 |    78 |    26 ||   125
       Distracted        |       |       |     1 |     3 |       ||     4
       Paralysed         |       |       |     7 |    27 |     6 ||    40
  Eat: Ration            |       |     2 |     5 |     9 |     2 ||    18
Armor: Robe              |     9 |    28 |    31 |    42 |     5 ||   115
Dodge: Dodged            |   115 |   188 |   357 |   591 |   119 ||  1370
